 Dungeon Crawl Stone Soup version 0.30-a0-54-g2e61a25929 (webtiles) character file.

Game seed: 10325770208469977259

94 IdlyInterested the Shield-Bearer (level 4, 0/37 HPs)
             Began as a Formicid Fighter on Sept 7, 2022.
             Slain by a hobgoblin (4 damage)
             ... on level 3 of the Dungeon.
             The game lasted 00:04:45 (1869 turns).

IdlyInterested the Shield-Bearer (Formicid Fighter) Turns: 1869, Time: 00:04:46

Health: 0/37       AC: 19    Str: 20    XL:     4   Next: 94%
Magic:  4/4        EV:  7    Int:  8    God:
Gold:   70         SH:  5    Dex: 15    Spells: 3/3 levels left

rFire   . . .      SeeInvis +    j - +3 mace (protect)
rCold   . . .      Faith    .    c - +0 buckler
rNeg    . . .      Spirit   .    i - +0 chain mail
rPois   .          Reflect  .    (helmet unavailable)
rElec   .          Harm     .    m - +0 cloak
rCorr   .          Rampage  .    b - +0 pair of gloves
Will    .....                    h - +0 pair of boots
Stlth   ..........               (no amulet)
HPRegen 0.12/turn                (no ring)
MPRegen 0.09/turn                (no ring)

@: under a protective aura
A: permanent stasis, dig shafts and tunnels, antennae 3, four strong arms
a: Dig, Shaft Self


You were on level 3 of the Dungeon.
You visited 1 branch of the dungeon, and saw 3 of its levels.

You collected 70 gold pieces.

Inventory:

Hand Weapons
 a - a +0 flail
 j - a +3 mace of protection (weapon)
Missiles
 g - 34 stones (quivered)
 k - 4 throwing nets
Armour
 b - a +0 pair of gloves (worn)
 c - a +0 buckler (worn)
 h - a +0 pair of boots (worn)
 i - a +0 chain mail (worn)
 m - a +0 cloak (worn)
Scrolls
 e - a scroll of identify
 n - a scroll of silence {unknown}
Potions
 d - a potion of might
 f - a potion of curing
 l - a potion of heal wounds


   Skills:
 + Level 3.8 Fighting
 + Level 2.6 Maces & Flails
 - Level 1.0 Throwing
 - Level 3.2 Armour
 - Level 1.0 Dodging
 - Level 1.0 Stealth
 * Level 5.2 Shields
 * Level 0.5 Evocations


You had 3 spell levels left.
You didn't know any spells.
Your spell library contained the following spells:

 Spells                   Type           Power      Damage    Failure   Level
 Magic Dart               Conj           0%         1d3       99%         1
 Call Imp                 Summ           0%         N/A       100%        2
 Mephitic Cloud           Conj/Pois/Air  0%         N/A       100%        3


Dungeon Overview and Level Annotations

Branches:
Dungeon (3/15)

Altars:


Innate Abilities, Weirdness & Mutations

You cannot be hasted, slowed, berserked, paralysed or teleported.
You can dig through walls and to a lower floor.
You have a pair of large antennae on your head. (SInv)
Your four strong arms can wield two-handed weapons with a shield.


Message History

The hobgoblin hits you but does no damage.
The orc priest mumbles some strange prayers to Beogh against you.
Beogh smites you! The orc hits you with a +0 flail. The orc barely misses you.
The orc hits you with a +0 short sword.
You hit the orc priest but do no damage.
The orc priest is lightly wounded.
The hobgoblin hits you but does no damage.
The orc hits you but does no damage.
The orc priest hits you but does no damage.
The orc hits you but does no damage. x2
You hit the orc priest but do no damage.
The orc priest is lightly wounded.
The hobgoblin hits you. The orc hits you but does no damage.
You block the orc priest's attack. The orc barely misses you. x2
You closely miss the orc priest.
The orc priest is lightly wounded.
The hobgoblin hits you but does no damage.
The orc hits you but does no damage.
The orc priest hits you but does no damage.
You block the orc's attack. The orc hits you but does no damage.
You barely miss the orc priest.
The orc priest is lightly wounded.
You block the hobgoblin's attack. The orc hits you but does no damage.
The orc priest misses you. The orc barely misses you. x2
The hobgoblin closely misses you.
The orc priest hits you with a +0 flail.
* * * LOW HITPOINT WARNING * * *
The orc hits you but does no damage. The orc barely misses you. x2
You closely miss the orc priest.
The orc priest is lightly wounded.
You block the hobgoblin's attack. The orc barely misses you.
The orc priest looks encouraged for a moment.
The orc completely misses you. The orc hits you with a +0 hand axe.
* * * LOW HITPOINT WARNING * * *
Unknown command.
You hit the orc priest.
Your weapon exudes an aura of protection.
The orc priest is moderately wounded.
The hobgoblin hits you.
You die...

.# #.# #.# .
####.## ## .
#### ..... ..
#
.....#...###.#
#..ooo...#
#bo@.#.#
#.##g.#
#....## #.##..
# #.#. .....
#.. .. ##. ...
## ..#


You could see an orc priest, 3 orcs, a hobgoblin and a bat.

Vanquished Creatures
  6 adders (D:2)
  An orc (D:3)
  3 ball pythons
  5 endoplasms (D:1)
  A giant cockroach (D:2)
  3 goblins
  2 hobgoblins
  6 quokkas
  A bat (D:1)
  4 frilled lizards
  3 kobolds
  3 rats
38 creatures vanquished.

Notes
Turn   | Place    | Note
-------+----------+-------------------------------------------
     0 | D:1      | IdlyInterested the Formicid Fighter began the quest for the
                  | Orb.
     0 | D:1      | Reached XP level 1. HP: 18/18 MP: 1/1
   162 | D:1      | Reached XP level 2. HP: 17/24 MP: 2/2
   272 | D:1      | Found a faded altar of an unknown god.
   606 | D:2      | Reached skill level 1 in Dodging
   688 | D:2      | Reached XP level 3. HP: 26/29 MP: 3/3
   985 | D:2      | Reached skill level 1 in Stealth
  1192 | D:2      | Reached XP level 4. HP: 37/37 MP: 4/4
  1371 | D:2      | Reached skill level 5 in Shields
  1387 | D:2      | Reached skill level 1 in Throwing
  1869 | D:3      | Slain by a hobgoblin

Illustrated notes

Levels and vault maps discovered:
D:1:      scummos_arrival_simple_crosswalls, layout_rooms,
          ebering_ecumenical_altar_rust, serial_bayou_lagoon_a,
          palyth_stone_intersect, columned_hall_lemuel
D:2:      layout_loops_ring
D:3:      layout_loops_ring, uniq_crazy_yiuf_cottage

Skill      XL: |  1  2  3  4 |
---------------+-------------+-----
Dodging        | 1 |  1.0
Stealth        | 1 |  1.0
Shields        | 5 |  5.2
Throwing       | 1 |  1.0
Fighting       | |  3.8
Maces & Flails | |  2.6
Armour         | |  3.2
Evocations     | |  0.5

Action                   |  1- 3 |  4- 6 || total
-------------------------+-------+-------++-------
Melee: Flail             |    29 |       ||    29
       Mace              |    67 |    45 ||   112
Throw: Stone             |     1 |       ||     1
  Use: Scroll            |     5 |       ||     5
Armor: Chain mail        |    54 |    49 ||   103
       Scale mail        |     2 |       ||     2
Dodge: Dodged            |    36 |    28 ||    64
Block: Buckler           |    23 |    15 ||    38

Table legend: (Time is in decaauts)
 A = Elapsed time spent in this place.
 B = Non-inter-level travel time spent in this place.
 C = Inter-level travel time spent in this place.
 D = Time resting spent in this place.
 E = Time spent auto-exploring this place.
 F = Levels seen in this place.
 G = Mean time per level.
                   A        B        C        D        E       F      G
               +--------+--------+--------+--------+--------+-----+--------+
         Total |   1917 |   1777 |    140 |    322 |    944 |   3 |  639.0 |
       Dungeon |   1917 |   1777 |    140 |    322 |    944 |   3 |  639.0 |
               +--------+--------+--------+--------+--------+-----+--------+

Top non-repeatable levels by time:
     D:2: 1200 daAuts
     D:1: 689 daAuts
     D:3: 27 daAuts
